Map: Zen LE

Players

Awers - Winner!

  • Race: Terran Terran
  • League: Grandmaster
  • Spawn Location: 1:00

Hopt

  • Race: Terran Terran
  • League: Grandmaster
  • Spawn Location: 7:00

VOD

Have the link to the VOD?

Description

Time

  • Played on: May 28, 2020, 10:59 a.m.
  • Length: 6:10
Show
View Real Time Build Order
Export as new Build Order

Awers Terran - Winner!

Build Orders: 2 Factory, Cyclone Opening 

Get SALT Encoding   

  12  0:01  SCV  
  13  0:17  SCV  
  13  0:18  Supply Depot  
  14  0:29  Refinery, SCV  
  15  0:41  SCV  
  16  0:46  Barracks  
  16  0:53  SCV  
  17  0:57  Refinery  
  17  1:05  SCV  
  18  1:20  SCV  
  19  1:34  Orbital Command, Reaper  
  19  1:37  Factory  
  20  1:45  Supply Depot  
  20  2:00  SCV  
  21  2:06  Reaper  
  22  2:12  SCV  
  23  2:22  Factory Tech Lab  
  23  2:24  SCV  
  24  2:30  Command Center  
  24  2:36  SCV  
  25  2:42  Cyclone  
  28  2:47  Mag-Field Accelerator  
  28  2:50  SCV  
  29  2:57  Supply Depot  
  28  3:04  Factory  
  28  3:08  SCV  
  28  3:22  SCV  
  29  3:30  Cyclone  
  32  3:41  SCV  
  32  3:51  Factory Tech Lab  
  32  3:54  Refinery  
  32  3:56  Orbital Command  
  32  3:57  SCV  
  33  4:03  Cyclone  
  33  4:09  Refinery, SCV  
  37  4:13  Cyclone  
  40  4:20  Supply Depot  
  40  4:22  SCV x2  
  42  4:34  SCV  
  40  4:41  SCV  
  40  4:43  Cyclone  
  44  4:48  SCV  
  44  4:51  Cyclone  
  48  4:54  SCV  
  48  4:56  Starport  
  49  5:00  SCV  
  49  5:06  SCV  
  51  5:08  Factory  
  51  5:20  SCV  
  52  5:24  Command Center  
  52  5:25  SCV  
  53  5:35  SCV  
  51  5:45  SCV  
  51  5:47  Barracks  
  55  5:50  SCV  
  54  6:07  Starport Reactor, Factory Reactor  
Show
View Real Time Build Order
Export as new Build Order

Hopt Terran 

Build Orders:  

Get SALT Encoding   

  12  0:01  SCV  
  13  0:13  SCV  
  14  0:17  Supply Depot  
  14  0:25  SCV  
  14  0:28  Refinery  
  15  0:38  SCV  
  16  0:45  Barracks  
  16  0:50  SCV  
  16  0:55  Refinery  
  17  1:02  SCV  
  18  1:15  SCV  
  19  1:32  Orbital Command, Reaper  
  20  1:36  Factory  
  20  1:48  Supply Depot  
  20  1:57  SCV  
  21  2:04  Reaper  
  22  2:09  SCV  
  23  2:20  Hellion  
  23  2:21  SCV  
  26  2:31  Command Center  
  26  2:33  SCV  
  27  2:37  Reaper  
  27  2:41  Supply Depot  
  28  2:45  SCV  
  28  2:50  Hellion  
  31  3:00  Starport  
  31  3:03  SCV  
  32  3:12  Barracks Tech Lab, Factory Tech Lab  
  31  3:13  Refinery  
  31  3:15  SCV  
  30  3:27  SCV  
  30  3:34  Cyclone  
  32  3:39  SCV  
  32  3:51  SCV, Raven, Barracks Reactor  
  35  4:03  SCV  
  35  4:05  Command Center  
  35  4:09  Cyclone  
  39  4:27  Orbital Command, SCV  
  40  4:34  Marine x2  
  40  4:39  SCV  
  40  4:44  Raven  
  40  4:51  SCV, Marine  
  40  4:52  Marine  
  41  4:58  SCV  
  42  5:03  SCV  
  42  5:04  Siege Tank  
  46  5:09  Supply Depot  
  46  5:10  SCV  
  46  5:11  Marine x2  
  49  5:15  SCV  
  49  5:20  Orbital Command  
  45  5:22  SCV  
  45  5:27  SCV  
  46  5:29  Marine x2  
  46  5:34  SCV  
  51  5:39  SCV  
  48  5:45  SCV  
  48  5:46  SCV  
  48  5:49  Marine x2  
  53  5:51  SCV  
  54  5:57  SCV  
  54  5:58  Barracks  
  54  5:59  Barracks  
Tags
 
Add a new tag
Caveats
  • Supply blocks, unpowered buildings, or Contaminate may cause inaccurate times.
  • Supply counts are checked every 10 seconds.